 Dungeon Crawl Stone Soup version 0.26-a0-668-gd58323b419 (webtiles) character file.

Game seed: 5295659167501875336

297 somkeydreadnuts the Digger (level 6, -4/32 HPs)
             Began as a Gargoyle Earth Elementalist on Oct 19, 2020.
             Slain by a lemure (6 damage)
             ... led by Pikel
             ... on level 4 of the Dungeon.
             The game lasted 00:18:54 (4027 turns).

somkeydreadnuts the Digger (GrEE)                   Turns: 4027, Time: 00:18:55

Health: -4/32      AC:  6    Str: 11    XL:     6   Next: 35%
Magic:  0/10       EV: 12    Int: 18    God:
Gold:   84         SH:  0    Dex: 10    Spells: 8/11 levels left

rFire    . . .     SeeInvis .   k - +0 hand axe
rCold    . . .     Faith    .   (no shield)
rNeg     + . .     Spirit   +   c - +0 robe
rPois    ∞         Reflect  .   (no helmet)
rElec    +         Harm     .   (no cloak)
rCorr    .         Rampage  .   (no gloves)
MR       .....                  (no boots)
Stlth    ++........             i - amulet of guardian spirit
HPRegen  0.10/turn              (no ring)
MPRegen  0.12/turn              (no ring)

@: no status effects
A: negative energy resistance 1, electricity resistance, unbreathing,
petrification resistance, rot immunity, AC +4
a: no special abilities


You were on level 4 of the Dungeon.
You visited 1 branch of the dungeon, and saw 4 of its levels.

You collected 84 gold pieces.

Inventory:

Hand Weapons
 j - a +0 dagger
 k - a +0 hand axe (weapon)
 q - a +0 spear
Armour
 c - a +0 robe (worn)
 m - a +0 ring mail
 v - a +0 leather armour
Jewellery
 i - an amulet of guardian spirit (around neck)
Scrolls
 d - 2 scrolls of blinking {unknown}
 l - 3 scrolls of identify {unknown}
 n - a scroll of enchant weapon {unknown}
 p - a scroll of enchant armour {unknown}
 s - a scroll of remove curse {unknown}
 t - 2 scrolls of magic mapping {unknown}
Potions
 a - a potion of ambrosia {unknown}
 e - 4 potions of lignification {unknown}
 f - a potion of degeneration {unknown}
 g - 2 potions of flight {unknown}
 h - a potion of mutation {unknown}
 o - a potion of brilliance {unknown}
 r - a potion of might {unknown}
 u - a potion of stabbing {unknown}


   Skills:
 - Level 0.2 Fighting
 + Level 0.1 Axes
 - Level 1.6 Dodging
 - Level 2.4 Stealth
 - Level 3.2 Spellcasting
 + Level 0.7 Transmutations
 + Level 7.4 Earth Magic


You had 8 spell levels left.
You knew the following spells:

 Your Spells              Type           Power        Failure   Level
a - Sandblast             Erth           ####..       1%          1
b - Passwall              Tmut/Erth      ###.....     4%          2

Your spell library contained the following spells:

 Spells                   Type           Power        Failure   Level
 Stone Arrow              Conj/Erth      ###...       11%         3
 Lee's Rapid Deconstruct  Erth           ####......   22%         5
 Petrify                  Tmut/Erth      ###.....     30%         4


Dungeon Overview and Level Annotations

Branches:
Dungeon (4/15)
 Temple: D:4-7

Altars:
Ru
Yredelemnul


Innate Abilities, Weirdness & Mutations

You are resistant to torment.
Your stone body is resilient. (AC +4)
You are immune to poison.
You resist negative energy. (rN+)
You are resistant to electric shocks. (rElec)
You can survive without breathing.
You are immune to petrification.
You are immune to rotting.


Message History

The lemure hits you but does no damage. The lemure hits you.
The lemure hits you!
You barely miss the lemure.
The lemure is heavily wounded.
You closely miss the lemure. x2; The lemure hits you but does no damage.
The lemure closely misses you. The lemure barely misses you.
The lemure hits you but does no damage.
You closely miss the lemure.
The lemure is heavily wounded.
You barely miss the lemure. You hit the lemure but do no damage.
The lemure hits you.
* * * LOW HITPOINT WARNING * * *
The lemure hits you.
* * * LOW HITPOINT WARNING * * *
The lemure hits you.
* * * LOW HITPOINT WARNING * * *
You hit the lemure but do no damage.
The lemure is heavily wounded.
You closely miss the lemure. x2; The lemure hits you!
You die...

#........#......
#^.......##....$
######........#.....
##..#####..........5.
#...#.##.............
#.............##.....
##......##..### #...
#...[..###55# #.# ##......##@5#
#......#...###..
###................
##...........................
#............................
###.........#................
.###..........#................
.(.#...........................
#.........###...###...........#


You could see 3 lemures.

Vanquished Creatures
  2 orc priests (D:3)
  Ijyb (D:2)
  9 adders
  4 oozes
  A worm (D:2)
  3 dart slugs
  3 leopard geckos
  10 orcs
  5 bats
  5 giant cockroaches
  7 hobgoblins
  13 jackals
  4 kobolds
  2 quokkas (D:3)
  3 ball pythons
  5 frilled lizards
  8 goblins
  12 rats
97 creatures vanquished.

Notes
Turn   | Place    | Note
-------+----------+-------------------------------------------
     0 | D:1      | somkeydreadnuts the Gargoyle Earth Elementalist began the
                  | quest for the Orb.
     0 | D:1      | Reached XP level 1. HP: 10/10 MP: 3/3
   168 | D:1      | Reached XP level 2. HP: 15/15 MP: 1/5
   242 | D:1      | Reached skill level 4 in Earth Magic
   615 | D:1      | Reached XP level 3. HP: 19/19 MP: 3/6
  1550 | D:2      | Reached XP level 4. HP: 23/24 MP: 5/8
  1970 | D:2      | Reached skill level 5 in Earth Magic
  2344 | D:3      | Noticed Ijyb
  2440 | D:2      | Killed Ijyb
  2440 | D:2      | Reached XP level 5. HP: 7/28 MP: 0/9
  2776 | D:3      | Reached skill level 6 in Earth Magic
  2944 | D:3      | Found a sacrificial altar of Ru.
  3170 | D:3      | Reached XP level 6. HP: 32/32 MP: 6/10
  3209 | D:3      | Learned a level 2 spell: Passwall
  3270 | D:3      | Reached skill level 7 in Earth Magic
  3614 | D:3      | Found a sacrificial altar of Ru.
  3668 | D:3      | Found a basalt altar of Yredelemnul.
  4027 | D:4      | Slain by a lemure

Illustrated notes

Levels and vault maps discovered:
D:1:      tarquinn_simple_flora_water_f, layout_loops_ring,
          chequers_serial_rivers_large_b, minmay_tiny_reverse_x
D:2:      layout_basic, guppyfry_early_lair_pool
D:3:      layout_loops_ring, nicolae_overflow_hidden_temple,
          nicolae_ru_sacrificial_ziggurat, uniq_ijyb
D:4:      layout_cave_pools, okawaru_altar_gauntlet_db, uniq_pikel

Skill      XL: |  1  2  3  4  5  6 |
---------------+-------------------+-----
Earth Magic    | 4 5 6 7 |  7.4
Spellcasting   | 3 |  3.2
Fighting       | |  0.2
Axes           | |  0.1
Dodging        | |  1.6
Stealth        | |  2.4
Transmutations | |  0.7

Action                   |  1- 3 |  4- 6 || total
-------------------------+-------+-------++-------
Melee: Unarmed           |     3 |       ||     3
       Hand axe          |       |    49 ||    49
 Cast: Sandblast         |    45 |    84 ||   129
Armor: Robe              |     5 |    52 ||    57
Dodge: Dodged            |    13 |   105 ||   118

Table legend: (Time is in decaauts)
 A = Elapsed time spent in this place.
 B = Non-inter-level travel time spent in this place.
 C = Inter-level travel time spent in this place.
 D = Time resting spent in this place.
 E = Time spent auto-exploring this place.
 F = Levels seen in this place.
 G = Mean time per level.
                   A        B        C        D        E       F      G
               +--------+--------+--------+--------+--------+-----+--------+
         Total |   4088 |   4031 |     57 |      0 |   2891 |   4 | 1022.0 |
       Dungeon |   4088 |   4031 |     57 |      0 |   2891 |   4 | 1022.0 |
               +--------+--------+--------+--------+--------+-----+--------+

Top non-repeatable levels by time:
     D:1: 1393 daAuts
     D:2: 1313 daAuts
     D:3: 1033 daAuts
     D:4: 347 daAuts
